cohdb
Replays
Latest Replays
All Replays
Popular Replays
Top Player Replays
Match Explorer
How It Works
Community
CoH3 Stats
Reddit
Sign in to upload your games and track your stats! →
Sign in with Steam
Match 47403631
Unlisted
Match 47403631
Overview
Messages
Build Orders
End
Construct Barracks
Riflemen Squad
1⁄4-ton 4x4 Truck
Engineer Squad
Riflemen Squad
Selects Advanced Infantry Battlegroup
Selects Convert to Ranger Squad
Convert to Ranger Squad
Selects Frontline Medical Station
Frontline Medical Station
Grenade Package
Air Support Center
Frontline Medical Station
Construct Motor Pool
Selects Artillery Observers
Selects M2A1 105mm Howitzer Emplacement
M8 Greyhound Armored Car
P-47 Dive Bomb
AI Takeover
No communist
风铃
Peaky Blinders
BOOM YOU
Wheanors McQueen
Mr.Faraam
spinn72
zoomy2
0
0
Comments
sign in to comment!
No comments posted yet!